 Dungeon Crawl Stone Soup version 0.29.0-4-gdea44cf6ec (webtiles) character file.

Game seed: 11637507196143318521

14 qw the Caller (level 2, 0/23 HPs)
             Began as a Ghoul Summoner on Sept 9, 2022.
             Slain by Natasha (2 damage)
             ... on level 2 of the Dungeon.
             The game lasted 00:00:22 (742 turns).

qw the Caller (Ghoul Summoner)                       Turns: 742, Time: 00:00:22

Health: 0/23       AC:  2    Str: 11    XL:     2   Next: 45%
Magic:  0/3        EV: 12    Int: 10    God:
Gold:   59         SH:  0    Dex:  9    Spells: 3/4 levels left

rFire   . . .      SeeInvis .   d - +0 flail
rCold   + . .      Faith    .   (no shield)
rNeg    + + +      Spirit   .   a - +0 robe
rPois   inf        Reflect  .   (no helmet)
rElec   .          Harm     .   (no cloak)
rCorr   .          Rampage  .   (no gloves)
Will    .....                   (no boots)
Stlth   ++........              (no amulet)
HPRegen 0.00/turn               (no ring)
MPRegen 0.08/turn               (no ring)

@: inhibited regen, slowed, very slow
A: claws 1, cold resistance 1, negative energy resistance 3, inhibited
regeneration, torment resistance 2, devour on kill
a: no special abilities


You were on level 2 of the Dungeon.
You visited 1 branch of the dungeon, and saw 2 of its levels.

You collected 59 gold pieces.


Innate Abilities, Weirdness & Mutations

You are immune to poison.
You have sharp fingernails.
Your flesh is cold resistant. (rC+)
You are immune to negative energy. (rN+++)
You do not regenerate when monsters are visible.
You are immune to unholy pain and torment.
You thrive by killing the living.


   Skills:
 - Level 1.1 Fighting
 + Level 1.3 Axes
 - Level 1.7 Dodging
 - Level 2.1 Stealth
 - Level 1.7 Spellcasting
 - Level 3.6 Summonings


You had 3 spell levels left.
You knew the following spells:

 Your Spells              Type           Power      Damage    Failure   Level
a - Summon Small Mammal   Summ           32%        N/A       8%          1

Your spell library contained the following spells:

 Spells                   Type           Power      Damage    Failure   Level
 Call Imp                 Summ           8%         N/A       11%         2
 Call Canine Familiar     Summ           8%         N/A       22%         3
 Summon Guardian Golem    Hex/Summ       4%         N/A       43%         3
 Summon Lightning Spire   Summ/Air       4%         N/A       83%         4

Inventory:

Hand Weapons
 d - a +0 flail (weapon)
Armour
 a - a +0 robe (worn)
 i - a +0 pair of boots
 j - a +0 leather armour
Scrolls
 c - a scroll of silence {unknown}
 g - a scroll of enchant weapon {unknown}
 h - a scroll of magic mapping {unknown}
Potions
 b - a potion of magic
 e - a potion of curing {unknown}
 f - a potion of resistance {unknown}

Dungeon Overview and Level Annotations

Branches:
Dungeon (2/15)

Altars:

Annotations:
D:2 Natasha


Message History

Your bat misses Natasha. Your bat hits the frilled lizard. x2
The frilled lizard dies!
Your bat barely misses the crimson imp.
Natasha closely misses you.
You barely miss Natasha.
Your bat completely misses Natasha.
Your bat hits Natasha but does no damage.
Your bat barely misses the crimson imp.
The crimson imp misses your bat.
Natasha casts a spell.
You hit Natasha but do no damage.
Your bat hits the crimson imp but does no damage.
Your bat barely misses the crimson imp.
Your bat closely misses Natasha.
Natasha claws you.
Your bat misses the crimson imp. The crimson imp closely misses you.
Natasha casts a spell at you.
You feel yourself slow down.
You closely miss the crimson imp.
Your bat closely misses the crimson imp.
Your bat misses the crimson imp.
Your bat barely misses the crimson imp.
Your bat hits the crimson imp but does no damage.
The crimson imp spits at you.
Natasha mumbles some strange words.
The crimson imp hits you.
Your bat misses Natasha. The crimson imp hits you. Natasha claws you!
You closely miss the crimson imp.
Your bat hits Natasha but does no damage. x2
Your bat closely misses the crimson imp.
Your bat barely misses the crimson imp.
Your bat closely misses the crimson imp.
Your bat closely misses Natasha.
Your bat hits the crimson imp but does no damage.
The crimson imp lashes its tail.
Natasha claws you. The crimson imp hits you. The crimson imp barely misses you.
Natasha claws you but does no damage.
742 ||| CASTING Summon Small Mammal
Casting: Summon Small Mammal (safe; 8% risk of failure)
Confirm with . or Enter, or press ? or * to list all spells.
Your bat disappears in a puff of smoke!
Your bat closely misses the crimson imp. x2
The crimson imp blinks!
Natasha claws you.
You die...

........... ..........###
............ .....¤..... #
.......... .# .......5. #..#
......h5####.... ....#r¤@b....#
# ?.5..#.#...#.#.. #
...#............ # .
###.......... # #....###... ##
#....## ... .####### #....(#
.......
.......#########%...##.........
######.....%..>....P.........P.


You could see Natasha (ally target), 3 crimson imps, a friendly bat (summoned)
and a friendly rat (summoned).

Vanquished Creatures
  A dart slug (D:2)
  2 bats
  An endoplasm (D:2)
  A giant cockroach (D:2)
  A hobgoblin (D:2)
  A quokka (D:2)
7 creatures vanquished.

Vanquished Creatures (collateral kills)
  A giant cockroach (D:1)
  2 frilled lizards (D:2)
  A rat (D:2)
4 creatures vanquished.

Vanquished Creatures (others)
  A plant (D:2)
1 creature vanquished.

Grand Total: 12 creatures vanquished

Notes
Turn   | Place    | Note
-------+----------+-------------------------------------------
     0 | D:1      | qw the Ghoul Summoner began the quest for the Orb.
     0 | D:1      | Reached XP level 1. HP: 14/14 MP: 2/2
     0 | D:1      | 0 ||| qw: Version: 0.1-a-113-g051387a
     0 | D:1      | 0 ||| qw: Game counter: 7163
     0 | D:1      | 0 ||| qw: Always use a shield: true
     0 | D:1      | 0 ||| qw: God list: Okawaru
     0 | D:1      | 0 ||| qw: Allow faded altars: false
     0 | D:1      | 0 ||| qw: Do Orc after D:15 true
     0 | D:1      | 0 ||| qw: Do second Lair branch before Depths: true
     0 | D:1      | 0 ||| qw: Lair rune preference: random
     0 | D:1      | 0 ||| qw: Plans: Normal
     0 | D:1      | 0 ||| PLANNING D:1-11
    21 | D:1      | 21 ||| CASTING Summon Small Mammal
    22 | D:1      | 22 ||| CASTING Summon Small Mammal
    34 | D:1      | 34 ||| CASTING Summon Small Mammal
    46 | D:1      | 46 ||| CASTING Summon Small Mammal
    59 | D:1      | 59 ||| CASTING Summon Small Mammal
    71 | D:1      | 71 ||| CASTING Summon Small Mammal
   140 | D:1      | You fall into a shaft and drop 1 floor!
   144 | D:2      | 144 ||| Wielding weapon +0 flail.
   163 | D:2      | 163 ||| CASTING Summon Small Mammal
   164 | D:2      | 164 ||| CASTING Summon Small Mammal
   172 | D:2      | Reached skill level 1 in Axes
   193 | D:2      | 193 ||| CASTING Summon Small Mammal
   194 | D:2      | 194 ||| CASTING Summon Small Mammal
   258 | D:2      | 258 ||| CASTING Summon Small Mammal
   259 | D:2      | 259 ||| CASTING Summon Small Mammal
   270 | D:2      | 270 ||| CASTING Summon Small Mammal
   272 | D:2      | Reached XP level 2. HP: 22/22 MP: 0/3
   333 | D:2      | 333 ||| CASTING Summon Small Mammal
   350 | D:2      | 350 ||| CASTING Summon Small Mammal
   351 | D:2      | 351 ||| CASTING Summon Small Mammal
   352 | D:2      | 352 ||| CASTING Summon Small Mammal
   354 | D:2      | Reached skill level 1 in Fighting
   414 | D:2      | 414 ||| CASTING Summon Small Mammal
   415 | D:2      | 415 ||| CASTING Summon Small Mammal
   416 | D:2      | 416 ||| CASTING Summon Small Mammal
   426 | D:2      | 426 ||| CASTING Summon Small Mammal
   502 | D:2      | 502 ||| Stepping ~*~*~tactically~*~*~ (hiding).
   603 | D:2      | 603 ||| CASTING Summon Small Mammal
   604 | D:2      | 604 ||| CASTING Summon Small Mammal
   605 | D:2      | 605 ||| CASTING Summon Small Mammal
   642 | D:2      | 642 ||| CASTING Summon Small Mammal
   644 | D:2      | 644 ||| CASTING Summon Small Mammal
   645 | D:2      | 645 ||| CASTING Summon Small Mammal
   689 | D:2      | 689 ||| CASTING Summon Small Mammal
   690 | D:2      | 690 ||| CASTING Summon Small Mammal
   691 | D:2      | 691 ||| CASTING Summon Small Mammal
   732 | D:2      | Noticed Natasha
   733 | D:2      | 733 ||| CASTING Summon Small Mammal
   734 | D:2      | 734 ||| CASTING Summon Small Mammal
   735 | D:2      | 735 ||| CASTING Summon Small Mammal
   737 | D:2      | Noticed a crimson imp
   739 | D:2      | Noticed a crimson imp
   741 | D:2      | Noticed a crimson imp
   741 | D:2      | HP: 4/23 [Natasha (5)]
   742 | D:2      | 742 ||| CASTING Summon Small Mammal
   742 | D:2      | Slain by Natasha

Levels and vault maps discovered:
D:1:      dpeg_arrival_water_temple_mockup, layout_basic,
          shapermc_ecumenical_altar_mp_vishouse
D:2:      layout_rooms, serial_shops, shop, basic_altar,
          guppyfry_early_lair_pool, uniq_natasha

Skill      XL: |  1  2 |
---------------+-------+-----
Axes           | 1 |  1.3
Fighting       | 1 |  1.1
Dodging        | |  1.7
Stealth        | |  2.1
Spellcasting   | |  1.7
Summonings     | |  3.6

Action                   || total
-------------------------++-------
Melee: Unarmed           ||     8
       Flail             ||    19
 Cast: Summon Small Mamm ||    33
Armor: Robe              ||     8
Dodge: Dodged            ||    27

Table legend:
 A = Non-vault XP
 B = Vault XP
 C = Vault XP percentage of total XP
 D = Non-vault monster count
 E = Vault monster count
 F = Vault count percentage of total count
                 A         B        C        D         E       F
            +---------+---------+-------+---------+---------+-------
      Total |      21 |       0 |   0.0 |      11 |       0 |   0.0
            +---------+---------+-------+---------+---------+-------
        D:1 |       4 |       0 |   0.0 |       2 |       0 |   0.0
        D:2 |      17 |       0 |   0.0 |       9 |       0 |   0.0
            +---------+---------+-------+---------+---------+-------
